 Dungeon Crawl Stone Soup version 0.27-a0-445-gbe96e517c0 (webtiles) character file.

Game seed: 8281581310970684531

4530 EnegeticOcto the Destroyer (level 10, -3/76 HPs)
             Began as a Mummy Necromancer on Feb 27, 2021.
             Was a Follower of Ashenzari.
             Collided with a rock wall (17 damage)
             ... caused by a wretched star
             ... on level 2 of the Abyss.
             The game lasted 00:19:09 (12637 turns).

EnegeticOcto the Destroyer (Mummy Necromancer)     Turns: 12637, Time: 00:19:09

Health: -3/76      AC:  8    Str: 12      XL:     10   Next: 17%
Magic:  20/28      EV: 12    Int: 18      God:    Ashenzari [*.....]
Gold:   368        SH:  6    Dex: 12 (14) Spells: 4/21 levels left

rFire    + . .     SeeInvis .   q - +6 war axe of the Cryptic Irritation {vorpal, *Noise rElec rF++ Dex+2, Axes, Air} (curse)
rCold    + . .     Faith    .   f - +2 buckler
rNeg     + + +     Spirit   .   y - +2 robe {rN+}
rPois    ∞         Reflect  .   g - +2 helmet "Share My Sorrow" {Pole, Conj} (curse)
rElec    +         Harm     .   (no cloak)
rCorr    .         Rampage  .   (no gloves)
Will     +....                  l - +0 pair of boots
Stlth    ++........             (no amulet)
HPRegen  0.22/turn              o - ring of magical power
MPRegen  0.21/turn              z - +4 ring of slaying

@: no status effects
A: no potions, fire vulnerability, cold resistance 1, negative energy resistance
3, torment resistance, unbreathing
a: Renounce Religion, Shatter the Chains


You were on level 2 of the Abyss.
You worshipped Ashenzari.
Ashenzari was aware of your devotion.
You visited 2 branches of the dungeon, and saw 10 of its levels.
You visited the Abyss 1 time.

You collected 555 gold pieces.
You spent 187 gold pieces at shops.

Inventory:

Hand Weapons
 j - a +2 dagger of venom
   (You took it off a kobold on level 3 of the Dungeon)
 q - the cursed +6 war axe of the Cryptic Irritation (weapon) {vorpal, *Noise rElec rF++ Dex+2, Axes, Air}
   (You bought it in a shop on level 6 of the Dungeon)

   It inflicts extra damage upon your enemies.
   It affects your dexterity (+2).
   It greatly protects you from fire.
   It insulates you from electricity.
   It may make noises in combat.
   It has a curse placed upon it.
Missiles
 p - a throwing net {!f}
 r - 44 poisoned darts
 w - 6 curare-tipped darts
Armour
 a - a +0 robe
 f - a +2 buckler (worn)
   (You found it on level 7 of the Dungeon)
 g - the cursed +2 helmet "Share My Sorrow" (worn) {Pole, Conj}
   (You found it on level 2 of the Dungeon)

   It has a curse placed upon it.
 l - a +0 pair of boots (worn)
   (You found it on level 4 of the Dungeon)
 v - a +2 scale mail of poison resistance
   (You found it on level 8 of the Dungeon)
 y - a +2 robe of positive energy (worn)
   (You took it off Erica on level 9 of the Dungeon)
Jewellery
 e - an amulet of magic regeneration
   (You found it on level 1 of the Dungeon)
 o - a ring of magical power (left hand)
   (You found it on level 8 of the Dungeon)
 z - a +4 ring of slaying (right hand)
   (You found it on level 9 of the Dungeon)
Wands
 m - a wand of flame (35) {@v4}
   (You found it on level 4 of the Dungeon)
 s - a wand of digging (2) {@v3}
   (You took it off a centaur on level 6 of the Dungeon)
 t - a wand of charming (11)
   (You took it off a centaur on level 8 of the Dungeon)
 u - a wand of iceblast (11) {@v2}
   (You found it on level 8 of the Dungeon)
 x - a wand of polymorph (16)
   (You found it on level 9 of the Dungeon)
Scrolls
 b - a scroll of blinking {@r4}
 c - 2 scrolls of magic mapping {@r5 !r}
 d - 3 scrolls of fog {!r}
 h - a scroll of amnesia
 k - a scroll of fear {!r}
 n - 2 scrolls of teleportation {@r3 !r}
Potions
 i - 2 potions of lignification {@q6}


   Skills:
 + Level 5.9 Fighting
 + Level 1.7(2.7) Axes
 - Level 1.5 Dodging
 - Level 1.5 Stealth
 + Level 3.5 Shields
 - Level 6.0 Spellcasting
 - Level 8.0(9.3) Conjurations
 + Level 4.5 Hexes
 - Level 6.0 Necromancy


You had 4 spell levels left.
You knew the following spells:

 Your Spells              Type           Power        Failure   Level
a - Vampiric Draining     Necr           13%          3%          3
b - Fulminant Prism       Conj/Hex       15%          7%          4
c - Searing Ray           Conj           78%          1%          2
d - Animate Dead          Necr           13%          11%         4
e - Iskenderun's Mystic   Conj/Tloc      22%          19%         4

Your spell library contained the following spells:

 Spells                   Type           Power        Failure   Level
 Animate Skeleton         Necr           54%          1%          1
 Magic Dart               Conj           100%         1%          1
 Pain                     Necr           100%         1%          1
 Dazzling Flash           Conj/Hex       60%          2%          3
 Confusing Touch          Hex            21%          6%          3
 Gell's Gravitas          Tloc           2%           36%         3
 Petrify                  Tmut/Erth      5%           77%         4
 Agony                    Necr           27%          28%         5
 Metabolic Englaciation   Hex/Ice        6%           80%         5
 Yara's Violent Unravell  Hex/Tmut       6%           80%         5
 Beastly Appendage        Tmut           Unusable     N/A         1
 Wereblood                Tmut           Unusable     N/A         2
 Spider Form              Tmut/Pois      Unusable     N/A         3
 Ice Form                 Ice/Tmut       Unusable     N/A         4
 Blade Hands              Tmut           Unusable     N/A         5

Dungeon Overview and Level Annotations

Branches:
Dungeon (9/15)             Temple (1/1) D:6
   Lair: D:8-11         Orc: D:9-12

Altars:
Ashenzari
Cheibriados
Dithmenos
Elyvilon
Fedhas
Gozag
Hepliaklqana
Kikubaaqudgha
Nemelex Xobeh
Okawaru
Qazlal
Ru
Sif Muna
Trog
Uskayaw
Vehumet
Wu Jian
Xom
Yredelemnul
The Shining One

Shops:
D:6 !*:*   D:7 :

Annotations:
D:3 1 runed translucent door, Morbidden's ghost, amateur DsCj
D:6 1 exclusion
D:9 Erolcha


Innate Abilities, Weirdness & Mutations

You do not drink.
Your flesh is vulnerable to fire.
You are immune to poison.
Your flesh is cold resistant. (rC+)
You are immune to negative energy. (rN+++)
You are immune to unholy pain and torment.
You can survive without breathing.


Message History

You feel a little less agile now.
You start resting.
A small abomination is cast out of reality.
Found 16 gold pieces.
Casting: Fulminant Prism (dangerous; 8% risk of failure)
Confirm with . or Enter, or press ? or * to list all spells.
Aiming: Fulminant Prism (dangerous; 8% risk of failure)
Press: ? - help, Dir - move target, f - small abomination
Aim: a small abomination (wandering, hasn't noticed you)
You can't place the prism on a creature.
Casting: Fulminant Prism (dangerous; 8% risk of failure)
Confirm with . or Enter, or press ? or * to list all spells.
Aiming: Searing Ray (safe; 1% risk of failure)
Press: ? - help, Shift-Dir - straight line, f/p - small abomination
Aim: a small abomination (wandering, hasn't noticed you, 17% to evade)
The searing ray hits the small abomination!
The small abomination is heavily damaged. (Press . to maintain the ray.)
The searing ray hits the small abomination.
The small abomination is heavily damaged.
The searing ray hits the small abomination.
The small abomination is severely damaged.
The small abomination hits you but does no damage.
The searing ray hits the small abomination!
The small abomination is almost destroyed.
You finish channeling your searing ray.
You block the small abomination's attack.
The small abomination hits you.
You hit the small abomination.
You destroy the small abomination!
You now have 368 gold pieces (gained 16).
You start resting.
Magic restored.
A large abomination comes into view.
You are suddenly pulled into a different region of the Abyss!
Found a potion of curing.
You see here a potion of curing {@q1 !q}.
Found a wand of polymorph (11).
x - a wand of polymorph (16) (gained 11 charges)
You start waiting.
A wretched star comes into view.
The wretched star pulses with an eldritch light!
Your body decomposes!
You feel clumsy.
Your body decomposes!
You feel clumsy.
Casting: Searing Ray (safe; 1% risk of failure)
Confirm with . or Enter, or press ? or * to list all spells.
Aiming: Fulminant Prism (dangerous; 7% risk of failure)
Press: ? - help, Dir - move target, f - wretched star
Aim: a wretched star
Okay, then.
Casting: Fulminant Prism (dangerous; 7% risk of failure)
Confirm with . or Enter, or press ? or * to list all spells.
Aiming: Searing Ray (safe; 1% risk of failure)
Press: ? - help, Shift-Dir - straight line, f - wretched star
Aim: a wretched star (19% to evade)
The searing ray hits the wretched star!
The wretched star is lightly damaged. (Press . to maintain the ray.)
The wretched star glows turbulently.
The lance of force hits you!
You are knocked back by the lance of force.
You slam into the rock wall!
Casting: Searing Ray (safe; 1% risk of failure)
Confirm with . or Enter, or press ? or * to list all spells.
Aiming: Searing Ray (safe; 1% risk of failure)
Press: ? - help, Shift-Dir - straight line, f/p - wretched star
Aim: a wretched star (lightly damaged, 19% to evade)
The searing ray hits the wretched star.
The wretched star is lightly damaged. (Press . to maintain the ray.)
The wretched star glows turbulently.
You block the lance of force.
The searing ray hits the wretched star.
The wretched star is lightly damaged.
The wretched star pulses with an eldritch light!
The searing ray hits the wretched star.
The wretched star is moderately damaged.
The wretched star glows turbulently.
The lance of force hits you!
You are knocked back by the lance of force.
You slam into the rock wall!
The searing ray hits the wretched star.
The wretched star is moderately damaged.
You finish channeling your searing ray.
Casting: Searing Ray (safe; 1% risk of failure)
Confirm with . or Enter, or press ? or * to list all spells.
Aiming: Searing Ray (safe; 1% risk of failure)
Press: ? - help, Shift-Dir - straight line, f/p - wretched star
Aim: a wretched star (moderately damaged, 19% to evade)
The searing ray hits the wretched star.
The wretched star is moderately damaged. (Press . to maintain the ray.)
The wretched star glows turbulently.
The lance of force hits you!!
* * * LOW HITPOINT WARNING * * *
You are knocked back by the lance of force.
You slam into the rock wall!
You die...

# #. #. #
#.##.
##..## #
.####.*.@#
#
........###
# #
####.##..##
. . #.
#..... ...
# # ..#.##.
.# . #.
##.##.# .#.
. ## #..
.## . # #
### # ####
# ..


You could see a wretched star.

Vanquished Creatures
  Erica (D:9)
  Pikel (D:4)
  Sigmund (D:5)
  4 yaks (D:6)
  A steam dragon (D:9)
  An orc warrior (D:6)
  2 water moccasins
  A small abomination (Abyss:2)
  3 ogres
  2 centaurs
  A lemure (D:4)
  3 phantoms
  A kobold brigand (D:9)
  A scorpion (D:4)
  An electric eel (D:8)
  8 wights
  A howler monkey (D:5)
  A bullfrog zombie (D:9)
  2 hounds
  5 orc priests
  3 centaur skeletons
  A gnoll shaman (D:9)
  An orc wizard (D:4)
  An iguana (D:7)
  7 worker ants
  A killer bee zombie (D:9)
  4 hound skeletons
  5 gnolls (D:9)
  14 adders
  2 shadow imps
  2 white imps (D:8)
  3 ufetubi
  2 oozes
  3 adder skeletons (D:4)
  2 worms
  A dart slug (D:2)
  5 leopard geckos
  25 orcs
  3 ball pythons (D:3)
  3 giant cockroaches
  3 goblins
  7 hobgoblins
  22 jackals
  7 kobolds
  6 quokkas
  7 bats
  10 frilled lizards
  2 jackal skeletons
  2 quokka skeletons
  9 rats
204 creatures vanquished.

Vanquished Creatures (others)
  A wight (D:9)
  7 fulminant prisms (D:9)
  A fungus (D:3)
  3 plants (D:6)
12 creatures vanquished.

Grand Total: 216 creatures vanquished

Notes
Turn   | Place    | Note
-------+----------+-------------------------------------------
     0 | D:1      | EnegeticOcto the Mummy Necromancer began the quest for the
                  | Orb.
     0 | D:1      | Reached XP level 1. HP: 13/13 MP: 4/4
   422 | D:1      | Reached XP level 2. HP: 19/19 MP: 1/5
  1307 | D:1      | Found a radiant altar of Vehumet.
  1368 | D:2      | Reached skill level 5 in Necromancy
  1377 | D:2      | Reached XP level 3. HP: 24/24 MP: 1/7
  1453 | D:2      | Learned a level 3 spell: Vampiric Draining
  2420 | D:2      | Reached XP level 4. HP: 18/30 MP: 6/8
  2794 | D:2      | Learned a level 4 spell: Animate Dead
  3099 | D:3      | Found a runed translucent door.
  3103 | D:3      | Noticed Morbidden's ghost (amateur DsCj)
  3242 | D:3      | You fall into a shaft and drop 2 floors!
  3242 | D:5      | Entered Level 5 of the Dungeon
  3421 | D:4      | Noticed a lemure
  3421 | D:4      | Noticed a lemure
  3505 | D:3      | Reached skill level 6 in Necromancy
  3563 | D:3      | Reached skill level 3 in Spellcasting
  4295 | D:4      | Reached skill level 1 in Fighting
  4475 | D:4      | Reached XP level 5. HP: 35/37 MP: 3/10
  4517 | D:4      | Reached skill level 2 in Fighting
  4517 | D:4      | Reached skill level 4 in Spellcasting
  4521 | D:4      | Learned a level 2 spell: Searing Ray
  4586 | D:4      | Reached skill level 1 in Conjurations
  4586 | D:4      | Reached XP level 6. HP: 44/44 MP: 7/12
  4627 | D:4      | Reached skill level 2 in Conjurations
  5153 | D:4      | Reached skill level 3 in Conjurations
  5247 | D:4      | Noticed Pikel
  5392 | D:4      | Killed Pikel
  5393 | D:4      | Reached skill level 5 in Conjurations
  5393 | D:4      | Reached XP level 7. HP: 43/50 MP: 1/13
  5595 | D:5      | Noticed Sigmund
  5795 | D:5      | Killed Sigmund
  5796 | D:5      | Reached skill level 6 in Conjurations
  5796 | D:5      | Reached XP level 8. HP: 49/56 MP: 2/14
  6887 | D:6      | Found a sparkling altar of Nemelex Xobeh.
  6945 | D:6      | Reached skill level 7 in Conjurations
  7563 | D:6      | Reached skill level 8 in Conjurations
  7570 | D:6      | Learned a level 4 spell: Fulminant Prism
  7626 | D:6      | Reached skill level 3 in Fighting
  7728 | D:6      | Found Ywong's Book Shop.
  7831 | D:6      | Reached skill level 5 in Spellcasting
  7831 | D:6      | Reached skill level 1 in Hexes
  7831 | D:6      | Reached XP level 9. HP: 64/64 MP: 7/16
  8038 | D:6      | Found a staircase to the Ecumenical Temple.
  8067 | D:6      | Found Vesed's Assorted Antiques.
  8077 | Temple   | Entered the Ecumenical Temple
  8155 | Temple   | Became a worshipper of Ashenzari the Shackled
  8179 | D:6      | Bought a smoking war axe for 187 gold pieces
  8179 | D:6      | Identified the +6 war axe of Moderation {vorpal, *Noise
                  | rElec rF++ Dex+2} (You bought it in a shop on level 6 of
                  | the Dungeon)
  8362 | D:6      | Found Ratox's Assorted Antiques.
  8416 | D:6      | Found Lapt's Distillery.
  8828 | D:7      | Reached skill level 2 in Hexes
  8881 | D:7      | Found a shimmering altar of Xom.
  8887 | D:7      | Found a shimmering altar of Xom.
  8887 | D:7      | Found a shimmering altar of Xom.
  8887 | D:7      | Found a shimmering altar of Xom.
  8887 | D:7      | Found a shimmering altar of Xom.
  8888 | D:7      | Found a shimmering altar of Xom.
  8933 | D:7      | Found an iron altar of Okawaru.
  9275 | D:7      | Found Uniobuq's Book Boutique.
  9407 | D:7      | Learned a level 4 spell: Iskenderun's Mystic Blast
 10025 | D:8      | Reached skill level 4 in Fighting
 10027 | D:8      | Reached skill level 1 in Shields
 10192 | D:8      | Reached skill level 6 in Spellcasting
 10674 | D:8      | Found a bloodstained altar of Trog.
 10707 | D:8      | Reached skill level 3 in Hexes
 11036 | D:9      | Reached skill level 2 in Shields
 11103 | D:9      | Reached skill level 5 in Fighting
 11607 | D:9      | Reached * piety under Ashenzari
 11607 | D:9      | Identified the cursed +2 helmet "Share My Sorrow" {Pole,
                  | Conj} (You found it on level 2 of the Dungeon)
 11622 | D:9      | Noticed Erica
 11654 | D:9      | Killed Erica
 11655 | D:9      | Reached skill level 1 in Axes
 11655 | D:9      | Reached skill level 3 in Shields
 11655 | D:9      | Reached skill level 4 in Hexes
 11655 | D:9      | Reached XP level 10. HP: 48/76 MP: 2/19
 12133 | D:9      | Noticed Erolcha
 12162 | D:9      | Cast into level 2 of the Abyss (Erolcha)
 12629 | Abyss:2  | Noticed a wretched star
 12637 | Abyss:2  | Collided with a rock wall

Illustrated notes

Levels and vault maps discovered:
D:1:      dpeg_arrival_water_altar, layout_basic, chequers_avenue,
          corexii_corridor_pit, serial_bayou_pond_a
D:2:      layout_loops_ring, minmay_misc_feat_columns
D:3:      layout_rooms, ebering_ghost_sewer_d, minmay_shallow_snake_nest
D:4:      layout_basic, uniq_pikel
D:5:      layout_loops_ring, uniq_sigmund
D:6:      cheibrodos_two_vegetables, layout_basic,
          nicolae_overflow_crystal_walls, minmay_temple_entry_drinking_statues,
          serial_shops, nicolae_shop_window_shopping, shop, shop, shop
D:7:      layout_basic, xom_redecorated, lemuel_round_altar, serial_shops,
          shop_fountains, chequers_serial_rivers_micro_d
D:8:      layout_basic, lightli_temple_of_fire, kennysheep_small_spiral,
          serial_park_tiny_2
D:9:      layout_rooms, uniq_erica, uniq_erolcha
Temple:   regret_index_temple_mists
Abyss:2:  base: D:8, evilmike_abyss_exit_8

Skill      XL: |  1  2  3  4  5  6  7  8  9 |
---------------+----------------------------+-----
Necromancy     | 5 6 |  6.0
Spellcasting   | 3 4 5 6 |  6.0
Fighting       | 1 2 3 5 |  5.9
Conjurations   | 1 5 6 8 |  8.0
Hexes          | 1 4 |  4.5
Shields        | 3 |  3.5
Axes           | 1 |  1.7
Dodging        | |  1.5
Stealth        | |  1.5

Action                   |  1- 3 |  4- 6 |  7- 9 | 10-12 || total
-------------------------+-------+-------+-------+-------++-------
Melee: Dagger            |    35 |    68 |     2 |       ||   105
       Unarmed           |     1 |       |       |       ||     1
       War axe           |       |       |    27 |    22 ||    49
 Cast: Pain              |    79 |    63 |    27 |       ||   169
       Vampiric Draining |       |     6 |    24 |     1 ||    31
       Searing Ray       |       |     7 |    68 |     4 ||    79
       Fulminant Prism   |       |       |     1 |     6 ||     7
Invok: Curse Item        |       |       |     2 |       ||     2
  Use: Scroll            |     4 |     4 |     3 |     1 ||    12
 Stab: Sleeping          |       |     2 |       |       ||     2
Armor: Robe              |    13 |    19 |    24 |    15 ||    71
Dodge: Dodged            |    30 |    52 |    56 |    21 ||   159
Block: Buckler           |       |       |    18 |     9 ||    27

Table legend: (Time is in decaauts)
 A = Elapsed time spent in this place.
 B = Non-inter-level travel time spent in this place.
 C = Inter-level travel time spent in this place.
 D = Time resting spent in this place.
 E = Time spent auto-exploring this place.
 F = Levels seen in this place.
 G = Mean time per level.
                   A        B        C        D        E       F      G
               +--------+--------+--------+--------+--------+-----+--------+
         Total |  12714 |  12334 |    380 |   1251 |   9360 |  11 | 1155.8 |
       Dungeon |  12117 |  11755 |    362 |    936 |   9270 |   9 | 1346.3 |
        Temple |    122 |    104 |     18 |      0 |     90 |   1 |  122.0 |
         Abyss |    475 |    475 |      0 |    315 |      0 |   1 |  475.0 |
               +--------+--------+--------+--------+--------+-----+--------+

Top non-repeatable levels by time:
     D:4: 1653 daAuts
     D:6: 1553 daAuts
     D:2: 1479 daAuts
     D:5: 1427 daAuts
     D:1: 1370 daAuts
     D:8: 1289 daAuts
     D:7: 1286 daAuts
     D:3: 1079 daAuts
     D:9: 978 daAuts
 Abyss:2: 475 daAuts
  Temple: 122 daAuts
